Map: Ruins of Seras

Players

Maharishi

  • Race: Protoss Protoss
  • League: Grandmaster

MCanning - Winner!

  • Race: Protoss Protoss
  • League: Grandmaster

VOD

Have the link to the VOD?

Description

Time

  • Played on: Dec. 30, 2015, 12:06 p.m.
  • Length: 31:39
Show
View Real Time Build Order
Export as new Build Order

Maharishi Protoss 

Build Orders: 1 Gate Expand 

Get SALT Encoding   

  12  0:01  Probe (Chrono Boost)  
  13  0:11  Probe (Chrono Boost)  
  14  0:22  Probe (Chrono Boost), Pylon  
  15  0:40  Probe (Chrono Boost)  
  15  0:42  Gateway  
  16  0:50  Probe (Chrono Boost)  
  17  1:11  Nexus  
  17  1:18  Probe (Chrono Boost)  
  17  1:21  Assimilator  
  18  1:29  Cybernetics Core  
  18  1:31  Probe (Chrono Boost)  
  19  1:36  Assimilator  
  19  1:42  Probe (Chrono Boost)  
  19  1:47  Pylon  
  20  1:52  Probe (Chrono Boost)  
  21  2:02  Probe (Chrono Boost)  
  21  2:05  Adept (Chrono Boost)  
  21  2:07  Warp Gate  
  24  2:14  Probe  
  25  2:26  Probe (Chrono Boost)  
  25  2:28  Probe (Chrono Boost)  
  27  2:32  Stalker  
  30  2:37  Probe (Chrono Boost)  
  30  2:42  Mothership Core (Chrono Boost)  
  32  2:47  Pylon  
  32  2:50  Probe (Chrono Boost)  
  33  2:55  Pylon  
  33  3:01  Probe (Chrono Boost)  
  33  3:02  Probe (Chrono Boost)  
  35  3:09  Stalker  
  35  3:11  Probe (Chrono Boost)  
  38  3:13  Probe (Chrono Boost)  
  39  3:25  Robotics Facility  
  39  3:26  Probe (Chrono Boost)  
  40  3:28  Probe (Chrono Boost)  
  41  3:37  Probe (Chrono Boost)  
  41  3:39  Probe (Chrono Boost)  
  41  3:40  Assimilator x2  
  43  3:47  Probe (Chrono Boost), Pylon  
  44  4:00  Probe (Chrono Boost)  
  46  4:03  Probe (Chrono Boost)  
  46  4:10  Probe (Chrono Boost)  
  46  4:13  Probe (Chrono Boost)  
  46  4:15  Gateway  
  46  4:16  Gateway  
  48  4:27  Probe x2 (Chrono Boost)  
  48  4:31  Pylon  
  48  4:34  Pylon  
  48  4:36  Probe, Observer (Chrono Boost)  
  48  4:38  Probe  
  51  4:43  Nexus  
  51  4:46  Pylon  
  51  4:48  Probe  
  51  4:50  Probe  
  53  4:53  Twilight Council  
  53  4:59  Probe  
  53  5:02  Observer (Chrono Boost)  
  53  5:05  Probe  
  56  5:14  Forge  
  56  5:16  Stalker  
  56  5:17  Probe  
  59  5:22  Blink (Chrono Boost)  
  59  5:23  Gateway  
  59  5:24  Gateway  
  59  5:26  Gateway  
  59  5:29  Gateway  
  59  5:42  Probe  
  59  5:43  Probe  
  59  5:48  Stalker x2  
  59  5:49  Stalker  
  67  5:53  Probe  
  67  5:55  Probe  
  70  5:59  Protoss Ground Weapons Level 1 (Chrono Boost)  
  70  6:04  Probe, Warp Prism  
  70  6:05  Probe  
  73  6:17  Stalker x3  
  79  6:23  Gateway  
  79  6:26  Photon Cannon  
  79  6:31  Stalker x2  
  83  6:38  Stalker x2  
  87  6:46  Stalker x3  
  93  6:55  Gateway  
  93  6:56  Pylon  
  93  7:17  Stalker x3  
  93  7:18  Stalker x4  
  107  7:47  Stalker x5  
  107  8:11  Stalker x5  
  117  8:17  Pylon  
  117  8:18  Pylon  
  117  8:19  Pylon x2, Protoss Ground Weapons Level 2 (Chrono Boost)  
  117  8:33  Assimilator  
  117  8:34  Assimilator  
  117  8:36  Adept x6  
  117  8:37  Adept x2  
  117  8:38  Adept  
  135  8:43  Nexus  
  85  9:14  Stalker x8  
  85  9:15  Stalker  
  85  9:16  Probe  
  103  9:17  Probe x2  
  104  9:29  Probe  
  103  9:37  Stalker x7  
  117  9:55  Stalker x2  
  111  10:27  Stalker x4  
  111  10:28  Stalker x5  
  125  10:31  Warp Prism  
  127  10:36  Protoss Ground Weapons Level 3 (Chrono Boost)  
  127  10:37  Photon Cannon  
  127  10:38  Probe, Photon Cannon  
  127  10:39  Probe x3  
  131  11:06  Stalker x7  
  131  11:07  Pylon  
  145  11:16  Robotics Bay  
  145  11:19  Robotics Facility  
  145  11:28  Photon Cannon  
  145  11:31  Photon Cannon  
  143  11:49  Stalker x9  
  159  12:03  Pylon  
  159  12:05  Observer (Chrono Boost)  
  159  12:06  Pylon  
  158  12:12  Stalker x3  
  164  12:21  Disruptor (Chrono Boost)  
  167  12:25  Charge  
  167  12:26  Disruptor (Chrono Boost)  
  168  12:42  Stalker x6  
  130  13:01  Disruptor x2 (Chrono Boost)  
  130  13:07  Pylon  
  130  13:11  Protoss Shields Level 1  
  130  13:16  Stalker x2  
  130  13:17  Stalker x5  
  144  13:22  Pylon  
  144  13:23  Pylon  
  144  13:32  Disruptor (Chrono Boost)  
  144  13:33  Disruptor (Chrono Boost)  
  137  13:54  Stalker x7  
  137  13:55  Stalker x2  
  155  14:03  Disruptor (Chrono Boost)  
  145  14:25  Disruptor (Chrono Boost)  
  145  14:27  Stalker x2  
  145  14:28  Stalker x5  
  160  14:35  Stalker x2  
  160  15:02  Stalker x4  
  160  15:03  Stalker x5  
  178  15:08  Assimilator  
  178  15:09  Assimilator  
  178  15:15  Observer (Chrono Boost)  
  179  15:25  Disruptor (Chrono Boost)  
  178  15:29  Protoss Ground Armor Level 1  
  178  15:38  Pylon  
  178  15:39  Pylon  
  178  15:41  Pylon  
  178  15:46  Pylon  
  178  15:48  Pylon  
  178  15:51  Disruptor (Chrono Boost)  
  178  15:54  Nexus  
  170  16:06  Disruptor (Chrono Boost)  
  167  16:17  Mothership Core  
  169  16:18  Disruptor  
  169  16:20  Pylon  
  168  16:36  Disruptor, Zealot x9  
  179  16:49  Disruptor  
  178  17:07  Stalker x6, Disruptor  
  193  17:23  Observer  
  183  17:40  Stalker x2  
  183  17:41  Stalker x5  
  188  18:16  Photon Cannon  
  188  18:19  Photon Cannon  
  188  18:21  Photon Cannon  
  188  18:23  Photon Cannon  
  188  18:26  Photon Cannon  
  188  18:27  Stalker x2, Photon Cannon  
  190  18:50  Protoss Shields Level 2  
  188  19:06  Stargate  
  188  19:34  Nexus  
  188  19:39  Stalker  
  188  19:40  Stalker x2  
  179  20:01  Disruptor  
  165  20:28  Observer  
  165  20:32  Disruptor  
  162  20:44  Disruptor  
  163  21:10  Stalker x2  
  147  21:41  Zealot x7  
  147  21:42  Zealot x2  
  147  21:45  Disruptor, Assimilator  
  147  21:46  Assimilator  
  165  21:47  Observer  
  169  21:58  Nexus  
  169  22:05  Pylon  
  169  22:12  Disruptor  
  169  22:21  Immortal  
  174  22:43  Disruptor  
  171  22:57  Zealot x6  
  171  22:58  Zealot x3  
  126  23:16  Zealot  
  126  23:19  Zealot x6  
  109  23:20  Zealot x2  
  108  23:34  Warp Prism  
  110  23:46  Disruptor  
  110  23:47  Stalker x9  
  131  23:59  Assimilator x2  
  131  24:06  Disruptor  
  134  24:22  Zealot x4  
  134  24:23  Zealot x4  
  148  24:46  Disruptor x2  
  144  25:17  Disruptor  
  121  25:25  Zealot x7  
  121  25:26  Zealot x2  
  121  25:28  Disruptor  
  125  25:48  Disruptor  
  109  25:59  Disruptor  
  112  26:05  Stalker  
  112  26:06  Stalker x8  
  129  26:22  Observer  
  130  26:30  Disruptor  
  130  27:04  Disruptor  
  90  28:34  Disruptor  
  93  29:03  Stalker  
Show
View Real Time Build Order
Export as new Build Order

MCanning Protoss - Winner!

Build Orders: Nexus First 

Get SALT Encoding   

  12  0:01  Probe (Chrono Boost)  
  13  0:11  Probe (Chrono Boost)  
  14  0:19  Pylon  
  14  0:22  Probe (Chrono Boost)  
  15  0:37  Probe (Chrono Boost)  
  16  0:48  Probe (Chrono Boost)  
  17  0:59  Nexus  
  17  1:09  Gateway  
  17  1:12  Probe (Chrono Boost)  
  18  1:23  Probe (Chrono Boost), Assimilator  
  19  1:28  Assimilator  
  19  1:33  Probe (Chrono Boost)  
  20  1:40  Gateway  
  20  1:44  Probe (Chrono Boost)  
  21  1:54  Probe (Chrono Boost)  
  21  1:57  Cybernetics Core  
  22  2:06  Pylon  
  22  2:12  Pylon  
  22  2:13  Probe (Chrono Boost)  
  24  2:15  Probe (Chrono Boost)  
  24  2:24  Probe (Chrono Boost)  
  24  2:26  Probe (Chrono Boost)  
  26  2:34  Probe (Chrono Boost)  
  26  2:36  Adept (Chrono Boost)  
  29  2:39  Adept (Chrono Boost)  
  31  2:46  Mothership Core (Chrono Boost)  
  31  2:48  Warp Gate (Chrono Boost)  
  33  2:52  Probe (Chrono Boost)  
  34  3:04  Probe (Chrono Boost)  
  35  3:06  Pylon  
  35  3:07  Probe (Chrono Boost)  
  36  3:15  Probe (Chrono Boost)  
  36  3:17  Stalker, Probe (Chrono Boost)  
  36  3:19  Sentry  
  42  3:25  Probe (Chrono Boost)  
  43  3:28  Probe (Chrono Boost)  
  43  3:36  Twilight Council, Probe (Chrono Boost)  
  43  3:38  Probe (Chrono Boost)  
  43  3:40  Pylon  
  45  3:46  Probe (Chrono Boost)  
  46  3:49  Probe (Chrono Boost)  
  47  3:57  Probe (Chrono Boost)  
  47  3:59  Probe (Chrono Boost)  
  47  4:06  Assimilator  
  47  4:07  Probe (Chrono Boost)  
  47  4:10  Probe (Chrono Boost)  
  47  4:11  Robotics Facility  
  47  4:12  Assimilator  
  47  4:13  Gateway  
  47  4:18  Probe (Chrono Boost)  
  47  4:19  Blink  
  47  4:20  Probe (Chrono Boost)  
  49  4:28  Probe (Chrono Boost)  
  49  4:31  Probe (Chrono Boost)  
  49  4:38  Gateway  
  49  4:39  Probe (Chrono Boost)  
  49  4:40  Pylon  
  49  4:41  Probe (Chrono Boost)  
  51  4:50  Probe (Chrono Boost)  
  52  4:57  Probe (Chrono Boost)  
  53  5:01  Nexus  
  53  5:02  Probe (Chrono Boost)  
  53  5:03  Pylon x2  
  53  5:05  Observer (Chrono Boost)  
  55  5:08  Probe  
  56  5:18  Gateway  
  56  5:19  Gateway  
  56  5:23  Gateway  
  56  5:28  Stalker  
  56  5:29  Stalker  
  56  5:30  Stalker  
  56  5:32  Probe  
  56  5:34  Probe  
  64  5:42  Probe  
  64  5:43  Forge  
  64  5:46  Probe  
  66  5:52  Immortal (Chrono Boost)  
  66  5:53  Probe  
  71  5:58  Probe  
  71  6:02  Robotics Bay  
  71  6:03  Probe  
  72  6:08  Stalker  
  72  6:10  Probe  
  76  6:11  Probe  
  76  6:15  Probe  
  76  6:16  Protoss Ground Weapons Level 1 (Chrono Boost)  
  78  6:19  Stalker  
  78  6:22  Probe  
  78  6:23  Probe  
  82  6:27  Stalker, Probe  
  82  6:30  Adept  
  82  6:32  Zealot  
  89  6:38  Assimilator  
  89  6:40  Probe, Assimilator  
  89  6:41  Pylon  
  89  6:43  Stalker  
  89  6:44  Pylon  
  89  6:45  Probe, Disruptor  
  96  6:57  Robotics Facility  
  96  6:58  Probe, Pylon  
  97  7:06  Stalker x3  
  103  7:12  Adept x3  
  109  7:16  Disruptor  
  112  7:34  Stalker  
  112  7:35  Stalker x3  
  120  7:38  Pylon  
  120  7:41  Pylon  
  120  7:43  Pylon  
  119  7:49  Probe  
  106  7:59  Zealot x4, Protoss Ground Weapons Level 2 (Chrono Boost)  
  106  8:00  Zealot x2  
  106  8:04  Cybernetics Core  
  106  8:06  Disruptor x2 (Chrono Boost)  
  110  8:14  Pylon  
  110  8:16  Probe, Pylon  
  110  8:18  Pylon  
  107  8:29  Probe  
  108  8:39  Disruptor (Chrono Boost)  
  111  8:41  Stalker x3  
  111  8:42  Stalker x4  
  125  8:49  Disruptor (Chrono Boost)  
  125  8:51  Probe  
  101  9:10  Stalker x5  
  101  9:11  Stalker x2  
  101  9:13  Disruptor (Chrono Boost)  
  118  9:20  Disruptor (Chrono Boost)  
  118  9:21  Pylon  
  121  9:30  Probe  
  118  9:44  Disruptor (Chrono Boost)  
  118  9:45  Nexus  
  119  9:46  Pylon  
  119  9:47  Photon Cannon  
  119  9:48  Dark Shrine  
  119  9:50  Photon Cannon  
  119  9:52  Photon Cannon  
  119  9:53  Photon Cannon  
  119  10:00  Stalker x2  
  119  10:01  Stalker  
  119  10:03  Probe  
  117  10:21  Protoss Ground Weapons Level 3  
  117  10:26  Disruptor x2 (Chrono Boost)  
  121  10:30  Probe x3  
  121  10:34  Photon Cannon  
  124  10:36  Stalker x4  
  124  10:37  Photon Cannon  
  132  10:43  Pylon  
  132  10:52  Stalker  
  134  11:00  Disruptor  
  134  11:02  Dark Templar  
  136  11:05  Dark Templar  
  136  11:06  Dark Templar  
  136  11:08  Dark Templar  
  142  11:12  Stalker x2  
  142  11:14  Probe (Chrono Boost)  
  142  11:15  Probe (Chrono Boost)  
  142  11:16  Probe (Chrono Boost)  
  150  11:19  Probe (Chrono Boost)  
  150  11:23  Stalker  
  152  11:28  Probe (Chrono Boost)  
  152  11:29  Disruptor  
  153  11:37  Stalker x4  
  164  11:44  Nexus  
  154  11:48  Disruptor  
  155  12:00  Disruptor  
  153  12:01  Stalker x4  
  153  12:02  Stalker x3  
  170  12:14  Photon Cannon x2  
  170  12:16  Pylon  
  166  12:28  Assimilator  
  166  12:29  Dark Templar x3  
  172  12:33  Assimilator  
  172  12:35  Disruptor  
  172  12:36  Photon Cannon  
  172  12:39  Disruptor  
  172  12:40  Probe (Chrono Boost)  
  147  12:59  Protoss Ground Armor Level 1  
  147  13:00  Stalker  
  147  13:01  Stalker x5  
  157  13:11  Probe (Chrono Boost)  
  159  13:12  Probe (Chrono Boost)  
  159  13:19  Stalker  
  161  13:23  Disruptor  
  161  13:26  Stalker x3  
  170  13:33  Stalker x3  
  176  13:42  Disruptor  
  155  13:52  Stalker x4  
  163  13:58  Disruptor  
  166  14:11  Nexus  
  166  14:13  Disruptor  
  132  14:32  Stalker x4  
  132  14:33  Stalker x3  
  132  14:34  Disruptor (Chrono Boost)  
  141  14:47  Disruptor (Chrono Boost)  
  144  14:56  Stalker x3  
  144  14:57  Stalker  
  144  14:59  Stalker x3  
  155  15:10  Disruptor (Chrono Boost)  
  154  15:22  Disruptor (Chrono Boost)  
  155  15:29  Stalker x4  
  155  15:30  Stalker x3  
  169  15:56  Nexus  
  167  15:58  Pylon  
  139  16:04  Probe  
  139  16:10  Stalker x4  
  139  16:11  Stalker x3  
  137  16:23  Photon Cannon  
  137  16:29  Disruptor  
  140  16:39  Dark Templar x2  
  144  16:40  Dark Templar  
  144  16:45  Stalker x2  
  144  16:46  Stalker  
  152  16:52  Nexus  
  152  16:54  Probe  
  152  17:01  Stalker  
  155  17:09  Pylon  
  155  17:16  Stalker x5  
  163  17:27  Dark Templar x2  
  163  17:34  Disruptor  
  166  17:44  Stalker x3  
  168  18:10  Assimilator  
  164  18:13  Dark Templar x2  
  164  18:14  Assimilator  
  164  18:15  Disruptor  
  171  18:31  Nexus  
  171  18:36  Pylon  
  171  18:38  Pylon  
  171  18:45  Pylon  
  171  18:47  Pylon  
  171  18:48  Stalker x4  
  173  18:49  Stalker x2  
  179  18:55  Dark Templar  
  179  19:02  Photon Cannon  
  181  19:05  Photon Cannon  
  181  19:09  Disruptor (Chrono Boost)  
  181  19:10  Disruptor (Chrono Boost)  
  185  19:17  Stalker x2  
  185  19:23  Assimilator  
  189  19:26  Assimilator  
  189  19:28  Zealot  
  189  19:30  Stalker  
  193  19:45  Disruptor (Chrono Boost)  
  194  19:47  Disruptor (Chrono Boost)  
  197  19:55  Dark Templar  
  197  19:56  Probe  
  191  20:16  Disruptor (Chrono Boost)  
  191  20:18  Disruptor (Chrono Boost)  
  182  20:30  Gateway  
  182  20:33  Gateway  
  153  20:47  Disruptor (Chrono Boost)  
  153  20:49  Disruptor (Chrono Boost)  
  144  20:54  Nexus  
  144  20:55  Stalker x2  
  144  20:56  Stalker x2, Pylon  
  145  21:14  Stalker x3  
  145  21:18  Disruptor (Chrono Boost)  
  143  21:26  Disruptor (Chrono Boost)  
  144  21:33  Photon Cannon  
  144  21:34  Photon Cannon  
  144  21:38  Photon Cannon  
  144  21:40  Assimilator  
  144  21:44  Assimilator  
  144  21:49  Disruptor (Chrono Boost)  
  144  21:53  Nexus  
  145  21:55  Stalker x2  
  145  21:56  Stalker x4  
  157  22:18  Stalker x3  
  157  22:19  Stalker x2  
  167  22:34  Disruptor (Chrono Boost)  
  163  23:02  Disruptor (Chrono Boost)  
  144  23:10  Disruptor (Chrono Boost)  
  127  23:21  Stalker x6  
  125  23:34  Disruptor (Chrono Boost)  
  104  23:41  Disruptor (Chrono Boost)  
  107  23:46  Stalker  
  107  23:47  Stalker x5  
  116  24:02  Nexus  
  113  24:04  Pylon  
  113  24:06  Stalker x2, Pylon  
  113  24:07  Stalker  
  117  24:12  Stalker x2  
  117  24:13  Stalker x4  
  129  24:22  Disruptor (Chrono Boost)  
  132  24:34  Disruptor (Chrono Boost)  
  130  24:42  Pylon  
  130  24:43  Photon Cannon  
  130  24:46  Photon Cannon  
  130  24:47  Dark Templar  
  130  24:52  Stalker x5  
  136  25:06  Pylon  
  135  25:10  Disruptor (Chrono Boost)  
  135  25:11  Disruptor (Chrono Boost)  
  131  25:23  Zealot x2  
  131  25:24  Zealot x2  
  135  25:41  Disruptor (Chrono Boost)  
  132  25:47  Dark Templar x2  
  119  25:59  Probe  
  119  26:01  Zealot  
  122  26:09  Disruptor (Chrono Boost)  
  113  26:31  Disruptor (Chrono Boost)  
  94  26:51  Zealot x3  
  94  26:52  Zealot x4  
  106  26:57  Assimilator  
  106  26:59  Assimilator  
  102  27:10  Probe  
  102  27:13  Zealot  
  105  27:20  Pylon, Zealot  
  107  27:23  Mothership Core  
  109  27:32  Pylon  
  109  27:34  Pylon  
  107  27:38  Stalker x2  
  107  27:39  Stalker x2  
  115  28:00  Disruptor (Chrono Boost)  
  81  28:14  Stalker  
  81  28:15  Stalker x3  
  81  28:24  Zealot x2  
  76  28:36  Zealot x2  
  77  28:45  Robotics Facility  
  77  28:46  Probe  
  77  28:48  Pylon  
  74  28:50  Probe  
  75  28:57  Stalker  
  75  28:58  Stalker  
  79  29:06  Probe  
  79  29:08  Probe  
  80  29:14  Probe  
  80  29:19  Gateway  
  80  29:21  Gateway  
  80  29:23  Gateway  
  73  29:46  Pylon x2  
  73  29:47  Disruptor (Chrono Boost)  
  73  29:48  Pylon  
  73  29:50  Pylon  
  74  30:03  Pylon  
  74  30:07  Probe  
  75  30:19  Disruptor (Chrono Boost)  
  75  30:20  Stalker  
  75  30:21  Stalker  
  81  30:38  Stalker  
  83  30:46  Stalker x2  
  87  30:50  Disruptor (Chrono Boost)  
  67  31:13  Stalker x3  
Tags
 
Add a new tag
Caveats
  • Supply blocks, unpowered buildings, or Contaminate may cause inaccurate times.
  • Supply counts are checked every 10 seconds.